 Dungeon Crawl Stone Soup version 0.27.1-33-g824d729ab1 (webtiles) character file.

Game seed: 7777578207109896747

131 pkoi the Ruffian (level 4, 0/36 HPs)
             Began as a Draconian Warper on Dec 13, 2021.
             Slain by an orc (2 damage)
             ... on level 3 of the Dungeon.
             The game lasted 00:01:40 (2885 turns).

pkoi the Ruffian (Draconian Warper)                 Turns: 2885, Time: 00:01:41

Health: 0/36       AC:  5    Str: 14    XL:     4   Next: 91%
Magic:  0/7        EV: 12    Int: 14    God:
Gold:   143        SH:  0    Dex: 10    Spells: 7/7 levels left

rFire    . . .     SeeInvis .     - Unarmed
rCold    . . .     Faith    .   (no shield)
rNeg     . . .     Spirit   +   (armour unavailable)
rPois    .         Reflect  .   (helmet restricted)
rElec    .         Harm     .   (no cloak)
rCorr    .         Rampage  .   (no gloves)
Will     .....                  (no boots)
Stlth    +.........             g - amulet of guardian spirit
HPRegen  0.12/turn              (no ring)
MPRegen  0.10/turn              (no ring)

@: on berserk cooldown, hasted and slowed
A: AC +5, unfitting armour, cold-blooded
a: no special abilities


You were on level 3 of the Dungeon.
You visited 1 branch of the dungeon, and saw 3 of its levels.

You collected 143 gold pieces.

Inventory:

Missiles
 b - 5 boomerangs of dispersal (quivered)
 h - 19 poisoned darts
Jewellery
 g - an amulet of guardian spirit (around neck)
 j - a ring of ice
Scrolls
 a - a scroll of blinking
 c - a scroll of fog {unknown}
 e - a scroll of teleportation {unknown}
 f - 2 scrolls of identify {unknown}
Potions
 d - a potion of haste


   Skills:
 - Level 2.1 Fighting
 - Level 0.8 Throwing
 - Level 2.1 Dodging
 + Level 5.2 Unarmed Combat
 - Level 2.0 Spellcasting
 - Level 3.0 Translocations


You had 7 spell levels left.
You didn't know any spells.
Your spell library contained the following spells:

 Spells                   Type           Power      Damage    Failure   Level
 Blink                    Tloc           N/A        N/A       11%         2
 Gell's Gravitas          Tloc           4%         N/A       21%         3
 Lesser Beckoning         Tloc           4%         N/A       21%         3
 Teleport Other           Tloc           9%         N/A       21%         3
 Inner Flame              Hex/Fire       1%         N/A       56%         3
 Manifold Assault         Tloc           9%         N/A       88%         5
 Cause Fear               Hex            0%         N/A       93%         4
 Summon Forest            Summ/Tloc      2%         N/A       98%         5
 Summon Mana Viper        Hex/Summ       1%         N/A       100%        5
 Shadow Creatures         Summ           N/A        N/A       100%        6
 Discord                  Hex            0%         N/A       100%        8


Dungeon Overview and Level Annotations

Branches:
Dungeon (3/15)

Altars:
Trog


Innate Abilities, Weirdness & Mutations

Your plain brown scales are hard. (AC +5)
You cannot fit into any form of body armour.
You are cold-blooded and may be slowed by cold attacks.


Message History

You bump into the rock wall.
You miss something.
Your tail-slap misses something.
Something hits you but does no damage.
You feel a strong urge to attack something.
You feel less confused.
You hear some strange, mumbled words.
Something tries to affect you, but you resist.
The orc priest looks braver for a moment.
You closely miss something.
You are no longer berserk.
You are exhausted.
You feel yourself slow down. Something hits you.
* * * LOW HITPOINT WARNING * * *
You hit something but do no damage. Something hits you but does no damage.
You miss something. Something completely misses you.
You hit something.
Reactivating autopickup.
You feel a bit more experienced.
Your Unarmed Combat skill increases to level 5!
The orc hits you with a +0 mace.
* * * LOW HITPOINT WARNING * * *
Things that are here:
a +0 dagger; a +0 robe; an orc corpse You hit the orc but do no damage.
The orc barely misses you.
You hit the orc. Your punch misses the orc.
The orc is moderately wounded.
The orc hits you with a +0 mace.
* * * LOW HITPOINT WARNING * * *
You punch the orc!
You kill the orc!
The orc priest calls down the wrath of Beogh upon you.
Beogh smites you!
* * * LOW HITPOINT WARNING * * *
You hit the orc.
The orc is lightly wounded.
The orc misses you.
You hit the orc.
The orc is heavily wounded.
The orc hits you with a +0 whip.
You die...

#.....# #.....#### #.....###
#.....# '##'##'.# #######
...#..#.# ##'#..#.#
...#..#.#####################
_..+..+.....................#
...#..#####################.#
##+#..# ..J{.oo@...........#
#..# .###################
+##+


You could see an orc priest, an orc and an endoplasm.

Vanquished Creatures
  Jessica (D:2)
  An orc wizard (D:3)
  A gnoll (D:3)
  2 adders (D:3)
  A worm (D:3)
  An orc (D:3)
  5 bats
  5 endoplasms
  2 giant cockroaches (D:2)
  3 goblins
  4 hobgoblins
  6 jackals (D:2)
  2 kobolds (D:2)
  5 quokkas
  3 ball pythons
  2 frilled lizards
  4 rats
48 creatures vanquished.

Notes
Turn   | Place    | Note
-------+----------+-------------------------------------------
     0 | D:1      | pkoi the Draconian Warper began the quest for the Orb.
     0 | D:1      | Reached XP level 1. HP: 17/17 MP: 3/3
   499 | D:1      | Reached XP level 2. HP: 24/24 MP: 5/5
   713 | D:1      | Reached skill level 3 in Unarmed Combat
  1358 | D:2      | Reached XP level 3. HP: 19/29 MP: 1/6
  1881 | D:2      | Noticed Jessica
  1894 | D:2      | Killed Jessica
  1895 | D:2      | Reached skill level 4 in Unarmed Combat
  2050 | D:3      | Reached XP level 4. HP: 20/36 MP: 3/7
  2815 | D:3      | Found a bloodstained altar of Trog.
  2880 | D:3      | Reached skill level 5 in Unarmed Combat
  2885 | D:3      | Slain by an orc

Illustrated notes

Levels and vault maps discovered:
D:1:      dpeg_arrival_yet_another_circle, layout_basic
D:2:      layout_basic, hex_intersection, uniq_jessica
D:3:      minmay_spotlight, layout_basic, marbit_many_paths,
          mainiacjoe_overflow_24_doors, jmf_multi_god_temple2

Skill      XL: |  1  2  3  4 |
---------------+-------------+-----
Unarmed Combat | 3 4 5 |  5.2
Fighting       | |  2.1
Throwing       | |  0.8
Dodging        | |  2.1
Spellcasting   | |  2.0
Translocations | |  3.0

Action                   |  1- 3 |  4- 6 || total
-------------------------+-------+-------++-------
Melee: Unarmed           |   132 |    69 ||   201
       Tailslap          |    18 |     3 ||    21
       Punch             |     2 |     2 ||     4
  Use: Potion            |       |     2 ||     2
 Stab: Sleeping          |     1 |       ||     1
Armor: Skin              |    50 |    19 ||    69
Dodge: Dodged            |    99 |    45 ||   144
